cohdb
Replays
Latest Replays
All Replays
Popular Replays
Top Player Replays
Match Explorer
How It Works
Community
CoH3 Stats
Reddit
Sign in to upload your games and track your stats! →
Sign in with Steam
Match 41786924
Unlisted
Match 41786924
Overview
Messages
Build Orders
End
Construct Infanterie Kompanie
Selects Breakthrough Battlegroup
Selects Assault Grenadiers
Grenadier Squad
MG 42 Machine Gun Team
GrW 34 Mortar Team
Grenadier Squad
GrW 34 Mortar Team
Medical Station
Construct Panzergrenadier Kompanie
Selects Breakthrough
Selects Rapid Production
251 Medium Carrier
Selects Breakthrough
Grenadier Squad
GrW 34 Mortar Team
Grenadier Squad
Selects Incendiary Bombing Run
Incendiary Bombing Run
Pioneer Squad
Construct Panzer Kompanie
Breakthrough
Stoßtruppen Squad
Incendiary Bombing Run
Grenadier Squad
Panzer IV Medium Tank
Selects Blitzkrieg
Stoßtruppen Squad
Breakthrough
Incendiary Bombing Run
Stoßtruppen Squad
Panzer IV Medium Tank
Selects Panzer IV Command Tank Sd.Kfz. 161/1
Pioneer Squad
Breakthrough
Side Skirts
Panzer Officer Quarters
Stoßtruppen Squad
Stoßtruppen Squad
Breakthrough
Stoßtruppen Squad
Panzer IV Medium Tank
Pak 40 Anti-tank Gun Team
Selects Tiger Heavy Tank
Pak 40 Anti-tank Gun Team
Pak 40 Anti-tank Gun Team
Breakthrough
Stoßtruppen Squad
Webkanin
mad.men
سَۨفُـيٰانۨوٰس
mohamedkerdaoui
0
0
Comments
sign in to comment!
No comments posted yet!